AoeStats
← 欢乐小菜鸟

Arena

506804733Analyzed
4v4 RM · 17d ago on Sep 15, 2026· 46m 48s· 8 players
Game mode
Random Map
Map size
Large (8 player)
Population
200
Speed
Normal
Resources
Standard
Victory
Conquest
Starting age
Dark Age
Ending age
Imperial Age
RankedLock teamsTeams togetherTeam positionsShared explorationLock speedFull tech treeHidden civsTurbo modeCheats
Victory
Defeat
🇸🇪 Britons · Sweden
1093
+12
🇩🇪 Byzantines · Germany
1075
+12
🇮🇳 Huns · India
934
+19
🇨🇳 Teutons · China
927
+18
🇨🇳 Franks · China
1020
-16
🇨🇳 Wei · China
1011
-16
🇨🇳 Britons · China
1000
-16
🇰🇷 Koreans · South Korea
927
-13
若叶睦
10:56 Feudal Age
15:55 Castle Age
13:37 Horse Collar
14:35 Double-Bit Axe
14:42 Stone Mining
15:13 Gold Mining
17:23 Bow Saw
22:34 Gold Shaft Mining
22:02 Heavy Plow
24:29 Wheelbarrow
29:39 Imperial Age
27:47 Bloodlines
27:38 Husbandry
28:37 Hand Cart
30:24 Scale Barding Armor
30:29 Forging
30:08 Heavy Hei Guang Cavalry
36:53 Ming Guang Armor
36:51 Conscription
38:38 Chain Barding Armor
38:53 Iron Casting
39:31 Town Watch
111
11:09 Feudal Age
12:51 Loom
16:01 Castle Age
14:15 Horse Collar
14:45 Double-Bit Axe
16:58 Heavy Plow
19:09 Bow Saw
22:12 Gold Mining
22:37 Stone Mining
24:17 Stone Shaft Mining
25:14 Wheelbarrow
25:31 Arson
25:38 Gambesons
25:56 Squires
26:02 Scale Mail Armor
27:38 Forging
28:15 Hand Cart
28:28 Squires
32:16 Imperial Age
小敏
10:10 Feudal Age
11:29 Loom
14:42 Castle Age
13:25 Double-Bit Axe
13:36 Stone Mining
20:58 Fletching
25:05 Bodkin Arrow
34:40 Town Watch
35:30 Wheelbarrow
38:11 Yeomen
38:46 Bow Saw
43:12 Imperial Age
41:30 Masonry
41:38 Fortified Wall
43:03 Gold Mining
43:46 Padded Archer Armor
43:46 Scale Mail Armor
43:57 Forging
43:35 Arson
43:50 Squires
43:35 Gambesons
43:12 Pikeman
45:56 Conscription
45:28 Halberdier
47:20 Murder Holes
欢乐小菜鸟
5:13 Loom
11:33 Feudal Age
16:17 Castle Age
15:01 Double-Bit Axe
22:39 Wheelbarrow
26:53 Hand Cart
30:13 Imperial Age
28:51 Bow Saw
28:53 Town Watch
29:02 Gold Mining
29:26 Scale Barding Armor
30:37 Gold Shaft Mining
30:55 Chain Barding Armor
31:07 Husbandry
31:19 Forging
30:37 Cavalier
31:19 Chivalry
31:41 Conscription
31:56 Paladin
34:36 Plate Barding Armor
37:17 Iron Casting
SSR Wonder
6:48 Loom
10:58 Feudal Age
15:03 Double-Bit Axe
16:26 Horse Collar
19:19 Castle Age
17:13 Stone Mining
17:15 Gold Mining
21:26 Bow Saw
21:18 Heavy Plow
24:02 Squires
25:49 Gold Shaft Mining
26:18 Forging
26:08 Scale Mail Armor
26:05 Pikeman
26:31 Arson
29:30 Iron Casting
29:23 Scale Barding Armor
32:39 Imperial Age
29:56 Town Watch
31:44 Padded Archer Armor
31:51 Fletching
32:09 Elite Skirmisher
33:35 Wheelbarrow
33:20 Capped Ram
34:50 Conscription
36:27 Blast Furnace
35:42 Chain Mail Armor
35:36 Halberdier
36:53 Bodkin Arrow
37:16 Elite Tarkan
37:58 Marauders
40:05 Hand Cart
40:16 Bloodlines
40:07 Husbandry
41:47 Chain Barding Armor
46:04 Town Patrol
47:17 Plate Barding Armor
NilRam
11:04 Feudal Age
15:59 Castle Age
15:41 Loom
20:50 Horse Collar
21:00 Double-Bit Axe
29:13 Imperial Age
27:19 Fletching
32:15 Elite Skirmisher
33:41 Pikeman
35:17 Halberdier
36:46 Bow Saw
40:18 Two-Man Saw
47:25 Scale Barding Armor
47:31 Forging
秋天的老丝瓜
10:18 Feudal Age
11:29 Horse Collar
16:23 Castle Age
14:32 Horse Collar
14:57 Town Watch
15:07 Town Watch
15:36 Double-Bit Axe
15:51 Stone Mining
15:55 Gold Mining
15:57 Loom
18:42 Wheelbarrow
18:42 Heavy Plow
23:57 Bow Saw
24:38 Scale Mail Armor
27:25 Forging
27:57 Ironclad
28:26 Chain Mail Armor
28:47 Iron Casting
30:01 Stone Shaft Mining
29:36 Arson
29:56 Squires
35:04 Imperial Age
32:51 Hand Cart
32:39 Town Patrol
35:54 Heavy Scorpion
37:01 Crenellations
37:02 Conscription
37:49 Crop Rotation
38:15 Arson
38:24 Fletching
38:41 Scale Barding Armor
39:55 Ballistics
40:11 Siege Engineers
40:53 Bow Saw
41:12 Bloodlines
40:22 Cavalier
42:07 Chemistry
42:50 Two-Man Saw
42:45 Elite Teutonic Knight
Superhoops
11:00 Feudal Age
15:06 Castle Age
13:30 Double-Bit Axe
14:16 Horse Collar
16:35 Bow Saw
20:06 Heavy Plow
21:33 Gold Mining
21:35 Stone Mining
22:07 Fletching
22:18 Padded Archer Armor
23:20 Wheelbarrow
25:22 Bodkin Arrow
28:01 Ballistics
28:00 Leather Archer Armor
31:55 Imperial Age
30:43 Yeomen
33:47 Bracer
34:18 Ring Archer Armor
34:52 Chemistry
33:51 Elite Longbowman
40:00 Gold Shaft Mining
40:34 Hand Cart
46:39 Forging
46:30 Scale Mail Armor
Connection lost

Rejoining the realm…

Still unreachable

The connection could not be restored.

Session expired

The server has moved on; the page needs a fresh start.